 Dungeon Crawl Stone Soup version 0.32-a0-132-g2d33c3cfaf (webtiles) character file.

Game seed: 17246340889395051660

49 zeratav the Sneak (level 3, -7/23 HPs)
             Began as an Octopode Shapeshifter on Feb 10, 2024.
             Mangled by a gnoll
             ... wielding a +0 halberd
              (11 damage)
             ... on level 2 of the Dungeon.
             The game lasted 00:01:13 (1246 turns).

zeratav the Sneak (Octopode Shapeshifter)           Turns: 1246, Time: 00:01:14

Health: -7/23      AC:  1    Str: 15    XL:     3   Next: 75%
Magic:  3/3        EV: 13    Int: 12    God:
Gold:   80         SH:  0    Dex: 11    Spells: 2/2 levels left

rFire   . .          .
                       - Unarmed
rCold   + . .        (no shield)
rNeg    . . .        (helmet currently unavailable)
rPois   .            (no amulet)
rElec   .            f - ring of protection from cold
rCorr   .            j - ring of see invisible
SInv    +            (no ring)
Will    .....        (no ring)
Stlth   ++++         (no ring)
HPRegen 0.23/turn    (no ring)
MPRegen 0.08/turn    (no ring)
                     (no ring)

%: no passive effects
@: beast-form
A: beast (slay +1), almost no armour, amphibious, 8 rings, camouflage 1,
gelatinous body 1, (nimble swimmer 1), tentacles
a: Begin Untransformation


You were on level 2 of the Dungeon.
You were a hulking beast.
You visited 1 branch of the dungeon, and saw 2 of its levels.

You collected 80 gold pieces.


Innate Abilities, Weirdness & Mutations

You are a hulking beast.
Your limbs bulge with bestial killing power. (Slay +1)
You cannot wear most types of armour.
You are amphibious.
You can wear up to eight rings at the same time.
Your skin changes colour to match your surroundings (Stealth+).
Your rubbery body absorbs attacks. (AC +1, EV +1)
((You are camouflaged when in or above water. (Stealth+)))
You have tentacles for arms and can constrict up to eight enemies at once.


   Skills:
 - Level 1.0 Fighting
 - Level 2.0 Dodging
 + Level 4.8 Stealth
 - Level 3.0 Unarmed Combat
 - Level 3.0 Shapeshifting


You had 2 spell levels left.
You didn't know any spells.
Your spell library was empty.

Inventory:

Jewellery
 f - a ring of protection from cold (left tentacle)
   (You found it on level 1 of the Dungeon)
 j - a ring of see invisible (right tentacle)
   (You found it on level 1 of the Dungeon)
Talismans
 b - a beast talisman
 c - a flux talisman
Scrolls
 d - a scroll of identify {unknown}
 h - a scroll of summoning {unknown}
 i - a scroll of enchant weapon {unknown}
 k - a scroll of immolation {unknown}
 l - a scroll of torment {unknown}
 m - a scroll of fog {unknown}
 o - a scroll of teleportation {unknown}
Potions
 a - a potion of lignification {!q}
 e - a potion of ambrosia {unknown}
 g - a potion of berserk rage {unknown}
 n - a potion of curing {unknown}
 p - a potion of brilliance {unknown}

Dungeon Overview and Level Annotations

Branches:
Dungeon (2/15) Zot: 10757

Altars:

...##...# ### #..## ...##...#
#.###.## ...##...#
#.##..###### ...##...#####
#....)....... ............#
#.#..######## ............#
#..........# ............#
#..........#
###.........#####.g#.#######
#.........##..h.##.g.#
###.........#..#######g#######
..............................
..............########.#######
...............# #g#
#.#.###.........# #.#
..#.............#


.gg ..#...#.........# ... ....#.#.......... ..... You could see a gnoll.


Message History

You are too injured to fight recklessly!
You are too injured to fight recklessly!
You are too injured to fight recklessly!
You are too injured to fight recklessly!
You are too injured to fight recklessly!
You are too injured to fight recklessly!
You are too injured to fight recklessly!
Unknown command.
You tentacle-slap the ribbon worm but do no damage.
You constrict the ribbon worm. The ribbon worm barely misses you.
HP[+1]
You completely miss the ribbon worm. You constrict the ribbon worm.
The ribbon worm bites you!
* * * LOW HITPOINT WARNING * * *
HP[-8]
You take 8 damage, and now have 4/23 hp.
MASSIVE DAMAGE!! (PAUSE)
You tentacle-slap the ribbon worm. You squeeze the ribbon worm!
You kill the ribbon worm!
HP[+1]
There is a stone staircase leading up here.
n - a smoky amethyst potion HP[+18]
Your hp is fully restored (23).
Found an escape hatch in the ceiling.
There is an escape hatch in the ceiling here.
o - a scroll labelled OGREILOK DILY A hobgoblin comes into view.
A hobgoblin is nearby!
The helpless hobgoblin fails to defend itself.
You tentacle-slap the hobgoblin.
You kill the hobgoblin!
No target in view!
No target in view!
No target in view!
No target in view!
No target in view!
No target in view!
No target in view!
No target in view!
No target in view!
No target in view!
No target in view!
You now have 80 gold pieces (gained 10).
There is a stone staircase leading up here.
A kobold comes into view. It is wielding a +0 dagger.
A kobold is nearby!
Found a stone staircase leading down.
The helpless kobold fails to defend itself.
You tentacle-slap the kobold.
You kill the kobold!
No target in view!
No target in view!
No target in view!
No target in view!
No target in view!
No target in view!
No target in view!
No target in view!
No target in view!
No target in view!
No target in view!
No target in view!
No target in view!
No target in view!
No target in view!
p - a dark potion A gnoll comes into view.
It is wielding a +0 spear.
A gnoll is nearby!
A gnoll is nearby! 2 gnolls come into view.
The gnoll attacks as it pursues you! The gnoll barely misses you.
The gnoll shouts!
You hear a shout!
A gnoll comes into view. It is wielding a +0 flail.
You hear a shout!
The gnoll barely misses you. The gnoll closely misses you.
You barely miss the gnoll. You grab the gnoll. You squeeze the gnoll.
You constrict the gnoll, but do no damage.
The gnoll hits you from afar with a +0 halberd!
The gnoll barely misses you.
HP[-9]
You take 9 damage, and now have 14/23 hp.
MASSIVE DAMAGE!! (PAUSE)
You tentacle-slap the gnoll. You squeeze the gnoll. You constrict the gnoll.
The gnoll closely misses you.
The gnoll struggles to escape constriction.
The gnoll shouts!
You bludgeon the gnoll!
You kill the gnoll!
The gnoll hits you from afar with a +0 halberd!
* * * LOW HITPOINT WARNING * * *
HP[-11]
You take 11 damage, and now have 3/23 hp.
MASSIVE DAMAGE!! (PAUSE)
The gnoll attacks as it pursues you! The gnoll barely misses you.
HP[+1]
The gnoll attacks as it pursues you!
The gnoll hits you from afar with a +0 halberd!
You die...

Skill      XL: |  1  2  3 |
---------------+----------+-----
Stealth        | 2 3 4 |  4.8
Fighting       | |  1.0
Dodging        | |  2.0
Unarmed Combat | |  3.0
Shapeshifting  | |  3.0

Action                     || total
---------------------------++-------
  Melee: Unarmed           ||    53
         Tentacles         ||    19
         Constrict         ||    12
         Punch             ||     1
   Stab: Sleeping          ||     8
 Armour: Skin              ||    19
  Dodge: Dodged            ||    24

Levels and vault maps discovered:
D:1:      heliophobic_arrival_enchanted_forest, layout_loops_corners,
          corner_web_ring
D:2:      layout_basic

Notes
Turn   | Place    | Note
-------+----------+-------------------------------------------
     0 | D:1      | zeratav the Octopode Shapeshifter began the quest for the
                  | Orb.
     0 | D:1      | Reached XP level 1. HP: 13/13 MP: 1/1
     0 | D:1      | magus.rc [v1.9.6]
    39 | D:1      | Reached skill level 1 in Stealth
    70 | D:1      | Reached skill level 2 in Stealth
    72 | D:1      | Reached XP level 2. HP: 16/18 MP: 2/2
   170 | D:1      | Reached skill level 3 in Stealth
   320 | D:1      | Reached XP level 3. HP: 23/23 MP: 3/3
   670 | D:1      | Reached skill level 4 in Stealth
  1004 | D:2      | HP: 4/23 [ribbon worm (8)]
  1242 | D:2      | HP: 3/23 [gnoll/+0 halberd (11)]
  1246 | D:2      | Mangled by a gnoll

Vanquished Creatures
  A gnoll (D:2)
  A ribbon worm (D:2)
  6 endoplasms (D:1)
  2 giant cockroaches (D:1)
  2 goblins (D:1)
  4 hobgoblins
  6 jackals
  3 kobolds
  2 quokkas (D:1)
  A bat (D:1)
  A frilled lizard (D:1)
  A rat (D:1)
30 creatures vanquished.

Table legend:
 A = Non-vault XP
 B = Vault XP
 C = Vault XP percentage of total XP
 D = Non-vault monster count
 E = Vault monster count
 F = Vault count percentage of total count
                 A         B        C        D         E       F
            +---------+---------+-------+---------+---------+-------
      Total |      70 |       0 |   0.0 |      30 |       0 |   0.0
            +---------+---------+-------+---------+---------+-------
        D:1 |      42 |       0 |   0.0 |      23 |       0 |   0.0
        D:2 |      28 |       0 |   0.0 |       7 |       0 |   0.0
            +---------+---------+-------+---------+---------+-------

Skill      XL: |  1  2  3 |
---------------+----------+-----
Stealth        | 2 3 4 |  4.8
Fighting       | |  1.0
Dodging        | |  2.0
Unarmed Combat | |  3.0
Shapeshifting  | |  3.0

Action                     || total
---------------------------++-------
  Melee: Unarmed           ||    53
         Tentacles         ||    19
         Constrict         ||    12
         Punch             ||     1
   Stab: Sleeping          ||     8
 Armour: Skin              ||    19
  Dodge: Dodged            ||    24

Illustrated notes

Table legend:
 A = Kills in this place as a percentage of kills in the entire game.
 B = Kills by you in this place as a percentage of kills by you in the entire game.
 C = Kills by friends in this place as a percentage of kills by friends in the entire game.
 D = Other kills in this place as a percentage of other kills in the entire game.
 E = Experience gained in this place as a percentage of experience gained in the entire game.
 F = Experience gained in this place divided by the number of levels of this place that you have seen.
                   A       B       C       D       E      F
               +-------+-------+-------+-------+-------+----------------------
         Total | 100.0 | 100.0 |   N/A |   N/A | 100.0 |  35.0
       Dungeon | 100.0 | 100.0 |   N/A |   N/A | 100.0 |  35.0
               +-------+-------+-------+-------+-------+----------------------

Table legend: (Time is in decaauts)
 A = Elapsed time spent in this place.
 B = Non-inter-level travel time spent in this place.
 C = Inter-level travel time spent in this place.
 D = Time resting spent in this place.
 E = Time spent auto-exploring this place.
 F = Levels seen in this place.
 G = Mean time per level.
                   A        B        C        D        E       F      G
               +--------+--------+--------+--------+--------+-----+--------+
         Total |   1241 |   1200 |     41 |      0 |   1024 |   2 |  620.5 |
       Dungeon |   1241 |   1200 |     41 |      0 |   1024 |   2 |  620.5 |
               +--------+--------+--------+--------+--------+-----+--------+

Top non-repeatable levels by time:
     D:1: 868 daAuts
     D:2: 372 daAuts
